Map: Blackpink LE

Players

lllllllllllI - Winner!

  • Race: Protoss Protoss
  • League: Master
  • Spawn Location: 1:00

Fenix

  • Race: Protoss Protoss
  • League: Diamond
  • Spawn Location: 7:00

VOD

Have the link to the VOD?

Description

Time

  • Played on: Jan. 10, 2018, 10:06 p.m.
  • Length: 5:25
Show
View Real Time Build Order
Export as new Build Order

lllllllllllI Protoss - Winner!

Build Orders: 1 Gate Expand 

Get SALT Encoding   

  12  0:01  Probe  
  13  0:13  Probe  
  14  0:18  Pylon  
  14  0:25  Probe  
  15  0:37  Probe  
  15  0:40  Gateway  
  16  0:49  Probe  
  17  0:52  Pylon  
  17  1:01  Probe  
  18  1:13  Probe  
  18  1:17  Pylon  
  19  1:25  Nexus  
  19  1:36  Cybernetics Core  
  19  1:41  Zealot (Chrono Boost)  
  21  1:49  Pylon  
  23  2:08  Zealot (Chrono Boost)  
  23  2:15  Shield Battery  
  23  2:17  Shield Battery  
  23  2:21  Zealot (Chrono Boost)  
  23  2:22  Shield Battery  
  25  2:28  Pylon  
  12  3:58  Pylon  
  11  4:07  Probe  
  12  4:19  Probe  
  13  4:31  Probe  
  14  4:49  Probe  
  15  5:01  Probe  
Show
View Real Time Build Order
Export as new Build Order

Fenix Protoss 

Build Orders:  

Get SALT Encoding   

  12  0:01  Probe  
  13  0:13  Probe  
  14  0:17  Pylon  
  14  0:25  Probe  
  15  0:37  Probe (Chrono Boost)  
  15  0:41  Gateway  
  16  0:46  Probe (Chrono Boost)  
  17  0:51  Probe (Chrono Boost)  
  18  0:59  Assimilator  
  18  1:09  Assimilator  
  18  1:16  Probe (Chrono Boost)  
  19  1:31  Cybernetics Core  
  19  1:32  Probe (Chrono Boost)  
  19  1:34  Gateway  
  20  1:44  Probe  
  20  1:45  Assimilator  
  21  1:48  Assimilator  
  21  1:58  Probe  
  22  2:12  Pylon  
  22  2:30  Stalker (Chrono Boost)  
  25  2:48  Stalker (Chrono Boost)  
  25  3:02  Stalker (Chrono Boost)  
Tags
 
Matchup
PvP
Spawn Locations
Cross Positions
Add a new tag
Caveats
  • Supply blocks, unpowered buildings, or Contaminate may cause inaccurate times.
  • Supply counts are checked every 10 seconds.